 Dungeon Crawl Stone Soup version 0.24.0-123-gd5b16e6ec5 (webtiles) character file.

Game seed: 15989428039128388316, levelgen mode: deterministic

217 Legadrian the Nimble (level 6, 0/43 HPs)
             Began as a Human Transmuter on Feb 11, 2020.
             Was a Priest of Ru.
             Succumbed to an orc's poison
             ... on level 4 of the Dungeon on Feb 12, 2020.
             The game lasted 00:15:30 (2816 turns).

Legadrian the Nimble (Human Transmuter)             Turns: 2816, Time: 00:15:31

Health: 0/43       AC:  2    Str:  6 (10) XL:     6   Next: 16%
Magic:  10/10      EV: 18    Int: 16      God:    Ru [***...]
Gold:   113        SH:  0    Dex: 14 (15) Spells: 7/10 levels left

rFire    + . .     SeeInvis .   k - +2 dagger (venom)
rCold    . . .     Gourm    .   (no shield)
rNeg     + . .     Faith    +   b - +0 robe
rPois    +         Spirit   .   (no helmet)
rElec    +         Reflect  .   (no cloak)
rCorr    +         Harm     .   (no gloves)
MR       .....                  (no boots)
Stlth    ++........             n - amulet of faith
HPRegen  0.14/turn              j - ring of stealth
MPRegen  0.12/turn              e - ring of positive energy

@: lethally poisoned (0 -> -1), resistant
A: agile 1, deterioration 1, fire resistance 1, temperature sensitive
a: Draw Out Power, Renounce Religion


You were on level 4 of the Dungeon.
You worshipped Ru.
Ru was most pleased with you.
You were not hungry.

You visited 1 branch of the dungeon, and saw 4 of its levels.

You collected 113 gold pieces.

Inventory:

Hand Weapons
 f - a +1 whip of electrocution
 k - a +2 dagger of venom (weapon)
Missiles
 a - 4 arrows
 m - 28 bolts
Armour
 b - a +0 robe (worn)
Jewellery
 e - a ring of positive energy (right hand)
 j - a ring of stealth (left hand)
 n - an amulet of faith (around neck)
Scrolls
 c - 2 scrolls of amnesia
 g - a scroll of remove curse
 h - 2 scrolls of teleportation
 i - 3 scrolls of identify
 l - a scroll of immolation
Comestibles
 d - 5 rations


   Skills:
 - Level 1.0 Fighting
 - Level 0.1 Maces & Flails
 - Level 9.9 Dodging
 - Level 3.0 Unarmed Combat
 * Level 2.8 Spellcasting
 - Level 2.0 Transmutations


You had 7 spell levels left.
You knew the following spells:

 Your Spells              Type           Power        Failure   Level  Hunger
a - Beastly Appendage     Tmut           #.....       9%          1    #......
b - Sticks to Snakes      Tmut           #.......     13%         2    ##.....

Your spell library contained the following spells:

 Spells                   Type           Power        Failure   Level  Hunger
 Spider Form              Tmut/Pois      #.........   36%         3    ###....
 Ice Form                 Ice/Tmut       #.......     77%         4    #####..
 Blade Hands              Tmut           #.........   93%         5    ######.


Dungeon Overview and Level Annotations

Branches:
Dungeon (4/15)
 Temple: D:4-7

Altars:
Fedhas
Ru


Innate Abilities, Weirdness & Mutations

You are sensitive to extremes of temperature. (rF-, rC-)
You are agile. (Dex +2)
Your body sometimes deteriorates upon taking damage.
Your flesh is heat resistant. (rF+)


Message History

There is a lethal amount of poison in your body!
* * * LOW HITPOINT WARNING * * *
You feel sick.
Your horns disappear.
* * * LOW HITPOINT WARNING * * *
You feel sick.
There is a lethal amount of poison in your body!
* * * LOW HITPOINT WARNING * * *
You feel sick.
* * * LOW HITPOINT WARNING * * *
You feel sick.
* * * LOW HITPOINT WARNING * * *
You feel sick.
* * * LOW HITPOINT WARNING * * *
You feel sick.
* * * LOW HITPOINT WARNING * * *
You feel sick.
* * * LOW HITPOINT WARNING * * *
You feel sick.
You die...

.# #.# #.# .#
#.##.# #####
######.##.# ....#
#....#.##.##....#
#....#.##.#.....#
#.@.....#.#.....#
###..#..#.#.....#
#..#....#.....#
#....)#.#.#
#....#....#.#
#.####..#.#.#
#.........#.#
...........)#
.##....#######


There were no monsters in sight!

Vanquished Creatures
  Terence (D:2)
  3 orc wizards (D:3)
  An adder (D:3)
  3 oozes
  2 worms
  A dart slug (D:1)
  3 leopard geckos (D:3)
  9 orcs
  A giant cockroach (D:1)
  5 hobgoblins
  7 kobolds (D:1)
  2 quokkas
  A ball python (D:3)
  2 bats (D:3)
  2 frilled lizards
  4 goblins
  4 rats
51 creatures vanquished.

Vanquished Creatures (collateral kills)
  A worm (D:3)
  An orc (D:3)
  A ball python (D:3)
  A rat (D:3)
4 creatures vanquished.

Vanquished Creatures (others)
  A rat (D:3)
1 creature vanquished.

Grand Total: 56 creatures vanquished

Notes
Turn   | Place    | Note
-------+----------+-------------------------------------------
     0 | D:1      | Legadrian the Human Transmuter began the quest for the Orb.
     0 | D:1      | Reached XP level 1. HP: 15/15 MP: 3/3
   104 | D:1      | Reached XP level 2. HP: 21/21 MP: 5/5
   418 | D:1      | Reached skill level 9 in Dodging
   418 | D:1      | Reached XP level 3. HP: 26/26 MP: 6/6
   419 | D:1      | Gained mutation: Your body sometimes deteriorates upon
                  | taking damage. [potion of mutation]
   419 | D:1      | Gained mutation: You are agile. (Dex +2) [potion of
                  | mutation]
   419 | D:1      | Gained mutation: Your flesh is heat resistant. (rF+)
                  | [potion of mutation]
   943 | D:2      | Noticed Terence
   955 | D:2      | Killed Terence
   955 | D:2      | Reached XP level 4. HP: 32/32 MP: 5/7
  1014 | D:2      | Learned a level 2 spell: Sticks to Snakes
  1020 | D:2      | You fall into a shaft and drop 1 floor!
  1020 | D:3      | Found a blossoming altar of Fedhas.
  1093 | D:3      | Reached XP level 5. HP: 15/37 MP: 3/8
  1097 | D:3      | Found a faded altar of an unknown god.
  1542 | D:3      | HP: 1/37 [something (2)]
  2352 | D:3      | Reached XP level 6. HP: 16/43 MP: 8/10
  2398 | D:3      | Became a worshipper of Ru the Awakened
  2412 | D:3      | Gained mutation: You are sensitive to extremes of
                  | temperature. (rF-, rC-) [Ru sacrifice]
  2412 | D:3      | Reached * piety under Ru
  2412 | D:3      | Reached ** piety under Ru
  2412 | D:3      | Reached *** piety under Ru
  2802 | D:4      | HP: 2/43 [poisoned by an orc]
  2808 | D:4      | HP: 1/43 [poisoned by an orc]
  2816 | D:4      | Succumbed to an orc's poison

Levels and vault maps discovered:
D:1:      dpeg_arrival_rhombus, layout_basic
D:2:      layout_basic, uniq_terence
D:3:      layout_loops_cross, chequers_ecumenical_altar_island, first_ration,
          fedhas_altar_2
D:4:      layout_basic

Skill      XL: |  1  2 |
---------------+-------+-----
Dodging        | 9 |  9.9
Fighting       | |  1.0
Maces & Flails | |  0.1
Unarmed Combat | |  3.0
Spellcasting   | |  2.8
Transmutations | |  2.0

Action                   |  1- 3 |  4- 6 || total
-------------------------+-------+-------++-------
Melee: Whip              |    52 |   109 ||   161
       Unarmed           |     1 |       ||     1
       Headbutt          |     5 |     3 ||     8
       Kick              |     4 |     5 ||     9
       Punch             |       |     1 ||     1
       Dagger            |       |     5 ||     5
 Cast: Beastly Appendage |     7 |     9 ||    16
       Sticks to Snakes  |       |     8 ||     8
Invok: Sacrifice Resista |       |     1 ||     1
  Use: Scroll            |     5 |     3 ||     8
       Potion            |     4 |     3 ||     7
 Stab: Sleeping          |     1 |     6 ||     7
  Eat: Chunk             |       |     7 ||     7
Armor: Robe              |    10 |     7 ||    17
       Skin              |       |     4 ||     4
Dodge: Dodged            |    34 |   110 ||   144
